 Dungeon Crawl Stone Soup version 0.27.1-33-g824d729ab1 (webtiles) character file.

Game seed: 14196209644886604592

144 zeram the Sneak (level 5, 0/48 HPs)
             Began as a Troll Brigand on Dec 14, 2021.
             Slain by Duvessa (11 damage)
             ... on level 4 of the Dungeon.
             The game lasted 00:04:06 (3072 turns).

zeram the Sneak (Troll Brigand)                     Turns: 3072, Time: 00:04:06

Health: 0/48       AC:  6    Str: 19    XL:     5   Next: 5%
Magic:  13/13      EV:  9    Int:  8    God:
Gold:   86         SH:  0    Dex: 11    Spells: 4/4 levels left

rFire    . . .     SeeInvis .   a - +2 dagger (vorpal)
rCold    . . .     Faith    .   (no shield)
rNeg     + . .     Spirit   .   b - +0 robe
rPois    .         Reflect  .   (helmet restricted)
rElec    .         Harm     .   c - +1 cloak
rCorr    .         Rampage  .   (gloves unavailable)
Will     .....                  (boots unavailable)
Stlth    ++........             (no amulet)
HPRegen  1.16/turn              h - ring of magical power
MPRegen  0.13/turn              l - ring of positive energy

@: no status effects
A: large, unfitting armour, claws 3, regeneration 1, shaggy fur 1, tough skin 1
a: no special abilities


You were on level 4 of the Dungeon.
You visited 1 branch of the dungeon, and saw 4 of its levels.

You collected 86 gold pieces.

Inventory:

Hand Weapons
 a - a +2 vorpal dagger (weapon)
Missiles
 d - 33 poisoned darts (quivered)
 e - 2 curare-tipped darts
Armour
 b - a +0 robe (worn)
 c - a +1 cloak (worn)
Jewellery
 h - a ring of magical power (left claw)
 l - a ring of positive energy (right claw)
Scrolls
 i - a scroll of teleportation
Potions
 f - a potion of flight
 j - a potion of degeneration
 n - a potion of curing


   Skills:
 - Level 1.5 Fighting
 - Level 1.5 Short Blades
 - Level 1.7 Throwing
 - Level 0.7 Dodging
 + Level 3.8 Stealth


You had 4 spell levels left.
You didn't know any spells.
Your spell library contained the following spells:

 Spells                   Type           Power      Damage    Failure   Level
 Foxfire                  Conj/Fire      0%         2x1d4     41%         1
 Magic Dart               Conj           0%         1d3       41%         1
 Searing Ray              Conj           0%         3d3       54%         2
 Conjure Flame            Conj/Fire      0%         6-21      78%         3
 Ignite Poison            Fire/Tmut/Pois 0%         N/A       78%         3
 Inner Flame              Hex/Fire       0%         N/A       78%         3
 Mephitic Cloud           Conj/Pois/Air  0%         N/A       78%         3
 Fulminant Prism          Conj/Hex       0%         3d6       99%         4
 Bolt of Magma            Conj/Fire/Erth 0%         4d4       100%        5


Dungeon Overview and Level Annotations

Branches:
Dungeon (4/15)
 Temple: D:4-7

Altars:
Elyvilon
Sif Muna
Trog

Annotations:
D:4 Dowan, Duvessa


Innate Abilities, Weirdness & Mutations

You are too large for most types of armour.
You have claws for hands.
Your natural rate of healing is unusually fast.
You are covered in fur. (AC +1)
You have tough skin. (AC +1)


Message History

Unknown command.
You barely miss Duvessa.
Duvessa is heavily wounded.
Dowan closely misses you.
Unknown command.
You closely miss Duvessa.
Duvessa is heavily wounded.
Duvessa hits you but does no damage. Dowan casts a spell at you.
The puff of frost hits you.
Unknown command.
You hit Duvessa.
Duvessa is heavily wounded.
Duvessa hits you with a +0 short sword.
Unknown command.
You barely miss Duvessa.
Duvessa is heavily wounded.
Dowan smirks and points a slender finger.
Dowan barely misses you.
Duvessa says, "My weaknesses are his strengths!"
Duvessa hits you with a +0 short sword!
Unknown command.
You barely miss Duvessa.
Duvessa is heavily wounded.
Dowan gestures at you while chanting. You resist with some effort.
Duvessa says, "My weaknesses are his strengths!"
Duvessa hits you with a +0 short sword.
Unknown command.
You hit Duvessa.
Duvessa is severely wounded.
Dowan hits you but does no damage. Duvessa hits you with a +0 short sword.
* * * LOW HITPOINT WARNING * * *
Unknown command.
You hit Duvessa but do no damage.
Duvessa is severely wounded.
Dowan hits you with a +0 dagger.
* * * LOW HITPOINT WARNING * * *
Duvessa hits you with a +0 short sword!
You die...

########.# .
.....$.......#..
...[#.....(...# #
...#.........# #.
..#.........# #..
#.#.#<#
##...###.#.#.#########
......e...............
....((e@.........####
##...#####..?#..## ##
#.###......#
#.....#>###.#
#.#.#.#.# ..#.#.#.#
### .#.#.# .#.#.# #.#


You could see Duvessa (poisoned) and Dowan.

Vanquished Creatures
  Crazy Yiuf (D:3)
  An iguana (D:3)
  2 adders
  A worm (D:3)
  3 dart slugs
  An orc (D:3)
  3 ball pythons
  6 endoplasms
  3 giant cockroaches
  5 goblins
  A hobgoblin (D:3)
  9 jackals
  7 kobolds
  2 quokkas
  5 bats
  3 frilled lizards (D:1)
  8 rats
61 creatures vanquished.

Notes
Turn   | Place    | Note
-------+----------+-------------------------------------------
     0 | D:1      | zeram the Troll Brigand began the quest for the Orb.
     0 | D:1      | Reached XP level 1. HP: 19/19 MP: 0/0
   136 | D:1      | Reached XP level 2. HP: 26/27 MP: 1/1
   488 | D:1      | Found a faded altar of an unknown god.
   578 | D:1      | Reached XP level 3. HP: 32/33 MP: 2/2
  1295 | D:2      | Reached skill level 3 in Stealth
  1880 | D:3      | Found a bloodstained altar of Trog.
  1880 | D:3      | Found a white marble altar of Elyvilon.
  1881 | D:3      | Found a shimmering blue altar of Sif Muna.
  2207 | D:3      | Reached XP level 4. HP: 41/41 MP: 3/3
  2679 | D:3      | Found a runed translucent door.
  2680 | D:3      | Noticed Crazy Yiuf
  2937 | D:3      | Killed Crazy Yiuf
  2938 | D:3      | Reached XP level 5. HP: 35/48 MP: 4/4
  3043 | D:4      | Noticed Duvessa
  3053 | D:4      | Noticed Dowan
  3072 | D:4      | Slain by Duvessa

Illustrated notes

Levels and vault maps discovered:
D:1:      erik_arrival_cave_to_civilisation [erik_arrival_cave_to_hall],
          layout_basic, hellmonk_ecumenical_altar_crossroads, minmay_hedge_maze
D:2:      layout_loops_ring, minmay_heptomino_h4
D:3:      layout_loops_ring, gammafunk_temple_overflow_claw,
          uniq_crazy_yiuf_cottage
D:4:      layout_basic, mainiacjoe_overflow_tiny_flanked, uniq_duvessa

Skill      XL: |  1  2  3 |
---------------+----------+-----
Stealth        | 3 |  3.8
Fighting       | |  1.5
Short Blades   | |  1.5
Throwing       | |  1.7
Dodging        | |  0.7

Action                   |  1- 3 |  4- 6 || total
-------------------------+-------+-------++-------
Melee: Dagger            |   172 |    84 ||   256
       Unarmed           |       |     2 ||     2
Throw: Dart              |       |     9 ||     9
  Use: Scroll            |     6 |     3 ||     9
 Stab: Sleeping          |     3 |     2 ||     5
Armor: Robe              |   103 |    31 ||   134
Dodge: Dodged            |   115 |    48 ||   163
